 Dungeon Crawl Stone Soup version 0.27.1-3-gb3d3a73c9e (webtiles) character file.

Game seed: 12059722247585012126

112 Descartes the Skirmisher (level 5, -4/46 HPs)
             Began as a Formicid Wanderer on Oct 16, 2021.
             Succumbed to Jessica's poison
             ... on level 3 of the Dungeon.
             The game lasted 00:06:22 (3648 turns).

Descartes the Skirmisher (Formicid Wanderer)        Turns: 3648, Time: 00:06:23

Health: -4/46      AC:  6    Str: 16    XL:     5   Next: 16%
Magic:  5/5        EV: 10    Int: 13    God:
Gold:   101        SH:  0    Dex: 10    Spells: 4/4 levels left

rFire    . . .     SeeInvis +   p - +0 dagger (speed)
rCold    . . .     Faith    .   (no shield)
rNeg     . . .     Spirit   .   c - +0 ring mail
rPois    .         Reflect  .   (helmet unavailable)
rElec    .         Harm     .   (no cloak)
rCorr    .         Rampage  .   n - +0 pair of gloves
Will     .....                  (no boots)
Stlth    +.........             (no amulet)
HPRegen  0.15/turn              (no ring)
MPRegen  0.09/turn              (no ring)

@: lethally poisoned (-4 -> -44)
A: permanent stasis, dig shafts and tunnels, antennae 3, four strong arms
a: Dig, Shaft Self


You were on level 3 of the Dungeon.
You visited 1 branch of the dungeon, and saw 3 of its levels.

You collected 101 gold pieces.

Inventory:

Hand Weapons
 a - a +2 shortbow
 l - a +0 short sword
 p - a +0 dagger of speed (weapon)
Missiles
 b - 59 arrows
 g - 43 stones (quivered)
Armour
 c - a +0 ring mail (worn)
 n - a +0 pair of gloves (worn)
Jewellery
 e - a ring of flight
Scrolls
 f - a scroll of identify {unknown}
 i - a scroll of noise {unknown}
 j - 2 scrolls of vulnerability {unknown}
 o - a scroll of teleportation {unknown}
Potions
 d - 2 potions of lignification
 h - a potion of brilliance {unknown}
 k - a potion of cancellation {unknown}
 m - a potion of haste {unknown}


   Skills:
 + Level 5.9 Fighting
 + Level 2.2 Bows
 + Level 2.3 Armour
 + Level 2.7 Stealth
 + Level 2.7 Shields


You had 4 spell levels left.
You didn't know any spells.
Your spell library contained the following spells:

 Spells                   Type           Power      Damage    Failure   Level
 Inner Flame              Hex/Fire       0%         N/A       86%         3
 Portal Projectile        Hex/Tloc       0%         N/A       86%         3
 Cause Fear               Hex            0%         N/A       99%         4
 Blade Hands              Tmut           0%         N/A       100%        5
 Excruciating Wounds      Necr           0%         N/A       100%        5
 Discord                  Hex            0%         N/A       100%        8


Dungeon Overview and Level Annotations

Branches:
Dungeon (3/15)

Altars:

Annotations:
D:3 Jessica


Innate Abilities, Weirdness & Mutations

You cannot be hasted, slowed, berserked, paralysed or teleported.
You can dig through walls and to a lower floor.
You have a pair of large antennae on your head. (SInv)
Your four strong arms can wield two-handed weapons with a shield.


Message History

You feel sick.
You hit the jackal but do no damage.
The jackal is severely wounded.
You feel sick.
The jackal bites you but does no damage.
Jessica hits you with a +2 dagger of venom.
You are more poisoned.
You closely miss the jackal.
The jackal is severely wounded.
You feel sick. The jackal barely misses you.
Jessica hits you with a +2 dagger of venom.
You are lethally poisoned!
You hit the jackal.
You kill the jackal!
You feel very sick.
You completely miss Jessica.
You feel very sick.
Jessica hits you with a +2 dagger of venom.
You are more poisoned.
You are too injured to fight recklessly!
You are too injured to fight recklessly!
You are too injured to fight recklessly!
You are too injured to fight recklessly!
You are too injured to fight recklessly!
You are too injured to fight recklessly!
You are too injured to fight recklessly!
You are too injured to fight recklessly!
You are too injured to fight recklessly!
You are too injured to fight recklessly!
You barely miss Jessica.
You feel very sick.
Jessica hits you with a +2 dagger of venom.
* * * LOW HITPOINT WARNING * * *
You are more poisoned.
You completely miss Jessica.
* * * LOW HITPOINT WARNING * * *
You feel extremely sick.
Unknown command.
You hit Jessica but do no damage.
You die...

######### ##############
#.......# #.............
#.......###.............
#.....@@................
#.....†.................
#.......>...............
#........##.............
#........###.†....######
#........# #.####.######
#........# #.# #.......
#........# #.#######...#
........# #.......#...#


You could see Jessica.

Vanquished Creatures
  4 adders
  5 worms (D:2)
  2 dart slugs
  An orc (D:3)
  6 ball pythons (D:1)
  3 endoplasms
  4 giant cockroaches
  3 goblins
  4 hobgoblins
  6 jackals
  A quokka (D:1)
  4 bats
  7 frilled lizards
  4 kobolds
  6 rats
60 creatures vanquished.

Vanquished Creatures (others)
  A fungus (D:1)
  A plant (D:1)
2 creatures vanquished.

Grand Total: 62 creatures vanquished

Notes
Turn   | Place    | Note
-------+----------+-------------------------------------------
     0 | D:1      | Descartes the Formicid Wanderer began the quest for the
                  | Orb.
     0 | D:1      | Descartes set off with the following items: a +2 shortbow,
                  | 25 arrows, a +0 ring mail, a potion of lignification
     0 | D:1      | Reached XP level 1. HP: 21/21 MP: 1/1
   299 | D:1      | Found a faded altar of an unknown god.
   384 | D:1      | Reached XP level 2. HP: 27/27 MP: 2/2
   581 | D:1      | Reached XP level 3. HP: 33/33 MP: 3/3
  1467 | D:2      | Reached XP level 4. HP: 17/40 MP: 4/4
  3349 | D:3      | Reached XP level 5. HP: 21/46 MP: 5/5
  3529 | D:3      | Noticed Jessica
  3647 | D:3      | HP: 2/46 [poisoned by Jessica]
  3648 | D:3      | Succumbed to Jessica's poison

Illustrated notes

Levels and vault maps discovered:
D:1:      scummos_arrival_forest, layout_basic, serial_forest,
          infiniplex_forest_clump_curved, infiniplex_forest_lined_1,
          infiniplex_forest_lined_room_3, infiniplex_forest_lined_3,
          infiniplex_forest_lined_1, infiniplex_forest_clump_large,
          infiniplex_forest_lined_room_3, infiniplex_forest_clump_small,
          infiniplex_forest_side_room, shapermc_ecumenical_altar_gd
D:2:      minmay_skewed_foursquare, layout_loops_ring
D:3:      layout_basic, mainiacjoe_overflow_catwalk, uniq_jessica, uniq_natasha

Skill      XL: |  1  2  3  4 |
---------------+-------------+-----
Stealth        | 2 |  2.7
Shields        | 2 |  2.7
Bows           | 2 |  2.2
Armour         | 2 |  2.3
Fighting       | |  5.9

Action                   |  1- 3 |  4- 6 || total
-------------------------+-------+-------++-------
Melee: Short sword       |    28 |   182 ||   210
       Dagger            |       |    31 ||    31
 Fire: Shortbow          |    65 |       ||    65
Armor: Ring mail         |    18 |    70 ||    88
Dodge: Dodged            |    28 |   114 ||   142
